 Dungeon Crawl Stone Soup version 0.20.1-1-g8b1a95d (webtiles) character file.

228 gungr the Insei (level 6, -4/38 HPs)
             Began as an Octopode Transmuter on Oct 26, 2017.
             Slain by Edmund
             ... wielding a +2 flail of holy wrath
              (9 damage)
             ... on level 4 of the Dungeon on Oct 27, 2017.
             The game lasted 00:10:54 (3011 turns).

gungr the Insei (Octopode Transmuter)               Turns: 3011, Time: 00:10:56

Health: -4/38      AC:  1    Str:  9    XL:     6   Next: 2%
Magic:  8/9        EV: 13    Int: 18    God:
Gold:   140        SH:  0    Dex: 12    Spells: 5/9 levels left

rFire    . . .     SeeInvis .     - Unarmed
rCold    . . .     Gourm    .   (no shield)
rNeg     . . .     Faith    .   (helmet restricted)
rPois    +         Spirit   .   (no amulet)
rElec    .         Reflect  .   (no ring)
rCorr    .         Harm     .   (no ring)
MR       .....                  (no ring)
Stlth    ++........             (no ring)
Regen    0.2/turn               (no ring)
MPRegen  0.2/turn               (no ring)
                                (no ring)
                                (no ring)

@: appendage, flying
A: almost no armour, stealthy swim, amphibious, 8 rings, constrict 8, tentacle
spike 3, camouflage 1, mutation resistance 1, poison resistance, gelatinous body
1
a: End Transformation


You were on level 4 of the Dungeon.
You were not hungry.
One of your tentacles had a temporary spike.
You visited 1 branch of the dungeon, and saw 4 of its levels.

You collected 140 gold pieces.

Inventory:

Missiles
 a - 87 arrows
Scrolls
 f - a scroll of amnesia
 g - 2 scrolls of enchant weapon
 s - a scroll of immolation {unknown}
Books
 b - a book of Changes

   Spells                             Type                      Level
   a - Beastly Appendage              Transmutation                1
   b - Sticks to Snakes               Transmutation                2
   c - Spider Form                    Transmutation/Poison         3
   d - Ice Form                       Ice/Transmutation            4
   e - Blade Hands                    Transmutation                5
Comestibles
 h - 2 royal jellies
 k - a meat ration
 q - 5 fruits


   Skills:
 - Level 1.0 Fighting
 - Level 2.0 Dodging
 - Level 5.0 Unarmed Combat
 - Level 2.0 Spellcasting
 * Level 4.5 Transmutations


You had 5 spell levels left.
You knew the following spells:

 Your Spells              Type           Power        Failure   Level  Hunger
a - Beastly Appendage     Tmut           ###...       2%          1    #......
b - Spider Form           Tmut/Pois      #.........   22%         3    ###....


Dungeon Overview and Level Annotations

Branches:
Dungeon (4/15)
 Temple: D:4-7

Altars:
Xom
Yredelemnul
Zin

Annotations:
D:4 Edmund


Innate Abilities, Weirdness & Mutations

You cannot wear most types of armour.
You are very stealthy in the water. (Stealth+)
You are amphibious.
You can wear up to eight rings at the same time.
You can use your tentacles to constrict eight enemies at once.
Your skin changes colour to match your surroundings (Stealth+).
Your rubbery body absorbs attacks. (AC +1, EV +1)
One of your tentacles bears a large vicious spike.
You are somewhat resistant to further mutation.
Your system is resistant to poisons. (rPois)


Message History

You constrict Edmund, but do no damage. Edmund closely misses you.
You completely miss Edmund.
Edmund is lightly wounded.
You constrict Edmund.
You tentacle-slap Edmund but do no damage.
You pierce Edmund, but do no damage.
Edmund is moderately wounded.
You constrict Edmund.
Edmund hits you with a flail of holy wrath!
* * * LOW HITPOINT WARNING * * *
You aren't carrying any potions.
You tentacle-slap Edmund but do no damage.
You squeeze Edmund.
Edmund is moderately wounded.
You constrict Edmund. Edmund closely misses you.
You tentacle-slap Edmund but do no damage.
Edmund is moderately wounded.
You constrict Edmund.
Edmund hits you with a flail of holy wrath!
You die...

..
#.
#.
.##
..#
#.#
#@#
#@#
#<#
#.#
#.#
#.#
#.#
..#
#.#
#.#


You could see Edmund.

Vanquished Creatures
  An orc priest (D:3)
  An orc wizard (D:3)
  A gnoll (D:1)
  6 adders
  4 dart slugs
  A worm (D:2)
  A leopard gecko (D:3)
  13 orcs (D:3)
  A ball python (D:1)
  13 bats
  5 giant cockroaches
  4 goblins (D:3)
  9 hobgoblins
  7 jackals (D:1)
  5 frilled lizards
  8 kobolds
  5 rats
85 creatures vanquished.

Notes
Turn   | Place    | Note
-------+----------+-------------------------------------------
     0 | D:1      | gungr the Octopode Transmuter began the quest for the Orb.
     0 | D:1      | Reached XP level 1. HP: 13/13 MP: 3/3
   317 | D:1      | Reached XP level 2. HP: 13/18 MP: 5/5
   489 | D:1      | Reached skill level 4 in Unarmed Combat
   496 | D:1      | Reached XP level 3. HP: 17/23 MP: 6/6
   501 | D:1      | Learned a level 3 spell: Spider Form
  1268 | D:2      | Found a glowing silver altar of Zin.
  1268 | D:2      | Found a basalt altar of Yredelemnul.
  1334 | D:2      | Reached XP level 4. HP: 25/28 MP: 7/7
  1550 | D:2      | Reached skill level 5 in Unarmed Combat
  1648 | D:2      | Found a shimmering altar of Xom.
  1954 | D:3      | Reached XP level 5. HP: 21/33 MP: 8/8
  2239 | D:3      | Gained mutation: You are somewhat resistant to further mutation. [potion of mutation]
  2239 | D:3      | Gained mutation: Your system is resistant to poisons. (rPois) [potion of mutation]
  2992 | D:3      | Reached XP level 6. HP: 38/38 MP: 7/9
  2999 | D:4      | Noticed Edmund
  3011 | D:4      | Slain by Edmund

Skill      XL: |  1  2  3  4  5 |
---------------+----------------+-----
Unarmed Combat | 4 5 |  5.0
Transmutations | 3 4 |  4.5
Fighting       | |  1.0
Dodging        | |  2.0
Spellcasting   | |  2.0

Action                   |  1- 3 |  4- 6 || total
-------------------------+-------+-------++-------
Melee: Unarmed           |    91 |   144 ||   235
       Constrict         |    17 |    24 ||    41
       Tentacles         |    10 |    11 ||    21
       Kick              |     1 |    14 ||    15
       Punch             |       |     2 ||     2
 Cast: Beastly Appendage |     1 |     8 ||     9
  Use: Potion            |       |     7 ||     7
       Scroll            |       |     6 ||     6
 Stab: Sleeping          |     9 |     5 ||    14
  Eat: Bread ration      |     1 |     1 ||     2
Armor: Skin              |     3 |    20 ||    23
Dodge: Dodged            |    47 |    66 ||   113
